 Dungeon Crawl Stone Soup version 0.19-a0-1937-g70ed36a (webtiles) character file.

117516 varam the Brawler (level 16, -6/149 HPs)
             Began as a Troll Monk on Oct 26, 2016.
             Was the Champion of Okawaru.
             Killed by angry trees
             ... awakened by a spriggan druid
              (16 damage)
             ... on level 2 of the Swamp.
             The game lasted 02:11:21 (28259 turns).

varam the Brawler (Troll Monk)                     Turns: 28259, Time: 02:11:22

Health: -6/149     AC: 17    Str: 31    XL:     16   Next: 23%
Magic:  15/17      EV: 15    Int:  8    God:    Okawaru [******]
Gold:   2225       SH: 16    Dex: 12    Spells: 0 memorised, 15 levels left

rFire  + + +     SeeInvis .       - Unarmed
rCold  . . .     Gourm    +     e - +2 robe of Vines {NoDeviceHeal Regen+7}
rNeg   . . .     Faith    .     G - +2 shield {AC+3}
rPois  .         Spirit   .     W - +2 hat
rElec  .         Reflect  .     J - +0 cloak
rCorr  .         Harm     .     (gloves unavailable)
MR     ++...                    (boots unavailable)
Stlth  +++.......               C - amulet of rage
                                Z - +3 ring of protection
                                I - ring of Descent {rF++ Str+6 Dex-5 Slay+5}

@: lethally poisoned (-6 -> -7), heroism
A: unfitting armour, claws 3, agile 1, clever 1, fire resistance 1, fast
metabolism 3, gourmand, magic resistance 1, regeneration 1, screaming 1, shaggy
fur 1, tough skin 2
a: Heroism, Finesse, Renounce Religion, Evoke Berserk Rage


You were on level 2 of the Swamp.
You worshipped Okawaru.
Okawaru was exalted by your worship.
You were not hungry.

You visited 4 branches of the dungeon, and saw 25 of its levels.
You also visited: Labyrinth.

You collected 2581 gold pieces.
You spent 356 gold pieces at shops.

Inventory:

Hand Weapons
 t - the +3 hunting sling "Awnaq" {freeze, Str+3 Int+6 SInv}
   (You bought it in a shop on level 2 of the Orcish Mines)

   It causes projectiles fired from it to freeze those they strike, causing
   extra injury to most foes and up to half again as much damage against
   particularly susceptible opponents.
   They can also slow down cold-blooded creatures.
   It affects your strength (+3).
   It affects your intelligence (+6).
   It lets you see invisible.
Missiles
 l - 8 javelins of penetration
 w - 6 tomahawks of returning
 y - 6 tomahawks of dispersal (quivered)
 B - 28 large rocks
 V - a throwing net
Armour
 e - the +2 robe of Vines (worn) {NoDeviceHeal Regen+7}
   (Okawaru gifted it to you on level 4 of the Lair of Beasts)

   It increases your rate of regeneration.
 h - +0 swamp dragon scales
 G - a +2 shield of protection (worn)
 J - a +0 cloak (worn)
 W - a +2 hat (worn)
Rods
 D - a +8 rod of clouds (14/14)
   (You took it off a minotaur in a labyrinth)
Jewellery
 b - an uncursed ring of protection from magic
 n - an uncursed ring of protection from cold
 C - an amulet of rage (around neck)
 I - the ring of Descent (left claw) {rF++ Str+6 Dex-5 Slay+5}
   (You found it on level 6 of the Lair of Beasts)

   [ring of strength]

   It affects your strength (+6).
   It affects your dexterity (-5).
   It affects your accuracy and damage with ranged weapons and melee attacks
   (+5).
   It greatly protects you from fire.
 K - an uncursed ring of positive energy
 Z - a +3 ring of protection (right claw)
Wands
 T - a wand of teleportation (3/9)
Scrolls
 a - 4 scrolls of fog
 f - 15 scrolls of remove curse {@r2}
 o - 8 scrolls of teleportation
 A - 4 scrolls of fear
 N - 5 scrolls of magic mapping
Potions
 d - 4 potions of agility
 g - 2 potions of heal wounds
 j - 4 potions of lignification
 k - 13 potions of curing {@q1}
 p - 3 potions of cancellation
 s - 3 potions of haste
 x - 4 potions of flight
 H - 2 potions of berserk rage
Miscellaneous
 r - a phial of floods
 Y - a phial of floods
Comestibles
 c - a bread ration
 m - 3 beef jerkies
 Q - 7 meat rations


   Skills:
 - Level 7.2(12.2) Fighting
 - Level 8.7(13.7) Throwing
 - Level 3.0(8.0) Armour
 - Level 6.1(11.1) Dodging
 - Level 1.0(6.0) Stealth
 - Level 10.6(15.6) Shields
 * Level 20.3(25.3) Unarmed Combat
 - Level 3.5 Invocations
 - Level 3.5 Evocations


You had 15 spell levels left.
You didn't know any spells.

Dungeon Overview and Level Annotations

Branches:
Dungeon (15/15)            Temple (0/1) D:6            Lair (6/6) D:10
  Swamp (2/4) Lair:3       Spider (0/4) Lair:2        Slime (0/5) Lair:6
    Orc (2/2) D:10            Elf (0/3) Orc:2        Vaults (0/5) D:14
 Depths (0/5) D:15

Altars:
Ashenzari
Cheibriados
Dithmenos
Hepliaklqana
Okawaru
Qazlal
Ru
Trog
Uskayaw
Yredelemnul
Beogh

Shops:
D:4 :   D:5 [   D:7 [   Orc:2 ([!}

Annotations:
Lair:6 exclusion: 2 oklob plants


Innate Abilities, Weirdness & Mutations

You are too large for most types of armour.
You have claws for hands.
Your metabolism is lightning-fast.
You like to eat raw meat.
Your natural rate of healing is unusually fast.
You are covered in fur. (AC +1)
You have very tough skin. (AC +2)
You are agile. (Dex +2)
Your mind is acute. (Int +2)
Your flesh is heat resistant. (rF+)
You are resistant to hostile enchantments. (MR+)
You occasionally shout uncontrollably at your foes.


Message History

The spriggan druid gestures at you while chanting.
The stone arrow hits you!
* * * LOW HITPOINT WARNING * * *
You are engulfed in poison gas.
You are more poisoned.
* * * LOW HITPOINT WARNING * * *
You feel very sick.
Trunks creak and shift.
You are hit by a branch!
* * * LOW HITPOINT WARNING * * *
The spriggan druid is engulfed in poison gas.
The spriggan druid looks even sicker.
The alligator puts on a burst of speed!
Your system rejects the healing.
You feel better.
You are engulfed in poison gas.
You are poisoned.
* * * LOW HITPOINT WARNING * * *
You feel sick.
The trees move their gnarly branches around.
A tree reaches out and hits you!
You die...

≈.≈≈≈≈≈
..≈≈≈≈≈
≈.≈≈≈≈≈
≈.≈≈≈..
....≈≈.
..≈≈≈≈.
..≈≈..)♣♣♣
.(.≈≈≈§§§♣♣♣
[.≈≈≈≈≈i@§§♣♣
≈≈≈≈≈≈§♣♣k≈≈♣
≈≈≈≈≈.♣♣♣≈≈.♣
≈≈≈≈≈. ♣§..≈♣
...t.. ♣<.♣♣♣
≈..♣♣ ♣≈♣♣
≈.. ♣♣♣


You could see an alligator, a spriggan druid and a swamp drake.

Vanquished Creatures
  Saint Roka (Orc:2)
  Rupert (D:14)
  Frances (D:13)
  Aizul (Swamp:1)
  2 entropy weavers (Lair:6)
  The ghost of Capuchin the Carver, a journeyman MiFi of Okawaru (Lair:2)
  Azrael (D:13)
  Snorg (Lair:5)
  A minotaur (Lab)
  Josephine (D:11)
  A fire dragon (D:15)
  4 hydras
  Fannar (Lair:2)
  A rakshasa (D:15)
  3 vault guards (D:14)
  A ghost crab (Swamp:1)
  4 catoblepae
  2 centaur warriors
  2 death knights
  A tengu warrior (D:13)
  A queen ant (Lair:6)
  3 orc high priests
  21 death yaks
  2 spriggans (Swamp:2)
  Nergalle (D:11)
  2 skeletal warriors
  An unseen horror (D:10)
  A glowing orange brain (D:15)
  Pikel (D:9)
  8 hill giants
  2 swamp dragons
  2 orc knights (Orc:2)
  A wizard (D:14)
  3 necromancers (D:14)
  5 orc sorcerers
  6 ugly things
  3 cyclopes
  4 manticores
  A deep elf mage (D:12)
  A moth of wrath (shapeshifter) (D:15)
  A black mamba (Lair:5)
  Joseph (D:9)
  12 spiny frogs
  A rime drake (shapeshifter) (D:15)
  A spiny frog (shapeshifter) (D:15)
  3 freezing wraiths
  7 komodo dragons
  A kobold demonologist (D:14)
  An efreet (D:14)
  A tengu conjurer (D:13)
  A polar bear (Lair:3)
  A queen bee (D:9)
  5 slime creatures
  4 trolls
  Prince Ribbit (Lair:3)
  A hornet (Swamp:2)
  5 two-headed ogres
  5 dream sheep (Lair:5)
  A bog body (Swamp:1)
  4 hippogriffs
  Grinder (D:3)
  A meliai zombie (D:14)
  16 blink frogs
  5 shadows
  2 vampires
  A spriggan (shapeshifter) (D:15)
  The ghost of varam the Ruffian, an amateur TrMo of Cheibriados (D:4)
  3 fire elementals (D:13)
  7 wraiths
  39 yaks
  2 wyverns
  A basilisk (Lair:3)
  18 humans (D:14)
  4 hungry ghosts
  15 insubstantial wisps
  2 wargs
  3 mottled dragons
  5 swamp worms (Swamp:1)
  19 soldier ants
  12 water moccasins
  9 porcupines
  5 hell hounds (D:13)
  37 orc warriors
  3 swamp drakes
  2 ice beasts
  5 sky beasts
  15 ogres
  2 wolves (D:10)
  6 phantoms
  2 black bears
  2 necrophages
  24 centaurs
  8 crocodiles
  A big kobold (D:11)
  14 bullfrogs
  An earth elemental (Lab)
  2 gnoll sergeants (D:6)
  3 scorpions
  14 killer bees
  12 wights
  A spriggan skeleton (Lab)
  3 vampire bats (Lair:1)
  12 electric eels
  4 howler monkeys
  8 crimson imps
  6 centaur zombies
  4 bullfrog zombies
  A quasit (D:8)
  A wyvern simulacrum (D:15)
  8 centaur skeletons
  12 hounds
  43 orc wizards
  23 orc priests
  A gnoll shaman (D:6)
  4 jellies
  5 bullfrog skeletons
  5 iguanas
  34 worker ants
  14 gnolls
  A howler monkey zombie (D:7)
  6 adders
  3 shadow imps
  2 oozes
  An adder skeleton (D:7)
  5 worms
  5 dart slugs
  5 leopard geckos
  130 orcs
  7 giant cockroaches
  12 goblins
  15 hobgoblins
  8 jackals
  14 kobolds
  5 quokkas
  A ball python (D:1)
  A ball python skeleton (D:5)
  18 bats
  5 frilled lizards
  A giant cockroach zombie (D:5)
  2 quokka skeletons
  5 rats
  A plant (Lair:1)
923 creatures vanquished.

Vanquished Creatures (collateral kills)
  A tengu conjurer (D:13)
1 creature vanquished.

Vanquished Creatures (others)
  A hydra (Lair:3)
  A slime creature (D:15)
  4 insubstantial wisps (Swamp:1)
  4 slaves (D:9)
  A killer bee (D:9)
  An orc (D:10)
  A quokka zombie (D:8)
  4 fungi (Lair:6)
  15 plants
32 creatures vanquished.

Grand Total: 956 creatures vanquished

Notes
Turn   | Place    | Note
-------+----------+-------------------------------------------
     0 | D:1      | varam the Troll Monk began the quest for the Orb.
     0 | D:1      | Reached XP level 1. HP: 22/22 MP: 0/0
   148 | D:1      | Reached XP level 2. HP: 29/29 MP: 1/1
   258 | D:1      | Reached skill level 4 in Unarmed Combat
   711 | D:2      | Reached XP level 3. HP: 36/36 MP: 2/2
  1065 | D:2      | Reached XP level 4. HP: 41/44 MP: 3/3
  1104 | D:2      | Reached skill level 5 in Unarmed Combat
  1273 | D:2      | Found a faded altar of an unknown god.
  1273 | D:2      | Found a faded altar of an unknown god.
  1278 | D:2      | Found a faded altar of an unknown god.
  1280 | D:2      | Found a faded altar of an unknown god.
  1282 | D:2      | Found a hide-covered altar of Uskayaw.
  1540 | D:3      | Noticed Grinder
  1727 | D:4      | Noticed a phantom
  1771 | D:5      | Entered Level 5 of the Dungeon
  1773 | D:5      | Noticed an ice beast
  1773 | D:5      | Noticed a necrophage
  2090 | D:3      | Reached XP level 5. HP: 50/50 MP: 4/4
  2198 | D:3      | Found an iron altar of Okawaru.
  2214 | D:3      | Became a worshipper of Warmaster Okawaru
  2214 | D:3      | Reached * piety under Okawaru
  2214 | D:3      | Reached ** piety under Okawaru
  2473 | D:3      | Reached skill level 6 in Unarmed Combat
  2670 | D:4      | Killed a phantom
  2670 | D:4      | Reached skill level 7 in Unarmed Combat
  2670 | D:4      | Reached XP level 6. HP: 51/59 MP: 2/5
  2781 | D:4      | Noticed varam's ghost (amateur TrMo)
  2820 | D:4      | Found Uhit's Book Emporium.
  2879 | D:4      | Killed varam's ghost
  3161 | D:3      | Killed Grinder
  3161 | D:3      | Reached skill level 8 in Unarmed Combat
  3161 | D:3      | Reached XP level 7. HP: 37/66 MP: 3/6
  3327 | D:5      | Reached *** piety under Okawaru
  3327 | D:5      | Reached skill level 9 in Unarmed Combat
  3337 | D:5      | Found a bloodstained altar of Trog.
  3417 | D:5      | Reached skill level 1 in Throwing
  3553 | D:5      | Found Nysm's Armour Shoppe.
  3566 | D:5      | Reached XP level 8. HP: 54/74 MP: 7/7
  3747 | D:5      | Reached skill level 1 in Invocations
  3925 | D:6      | Reached **** piety under Okawaru
  4015 | D:6      | Found a bloodstained altar of Trog.
  4092 | D:6      | Found a shattered altar of Ashenzari.
  4092 | D:6      | Found a shadowy altar of Dithmenos.
  4093 | D:6      | Found a sacrificial altar of Ru.
  4147 | D:6      | Found a staircase to the Ecumenical Temple.
  4339 | D:6      | Reached XP level 9. HP: 43/82 MP: 6/9
  4412 | D:6      | Found a basalt altar of Yredelemnul.
  4432 | D:6      | Found a hazy altar of Hepliaklqana.
  4883 | D:6      | Reached skill level 10 in Unarmed Combat
  5336 | D:7      | Found Rinutah's Armour Shoppe.
  5339 | D:7      | Bought a +0 shield for 67 gold pieces
  5463 | D:7      | Reached ***** piety under Okawaru
  5463 | D:7      | Reached skill level 1 in Shields
  5532 | D:7      | Reached skill level 5 in Throwing
  5707 | D:7      | Found a snail-covered altar of Cheibriados.
  6273 | D:8      | Received a gift from Okawaru
  6280 | D:8      | Gained mutation: Potions and wands are less effective at restoring your health. [mutagenic meat]
  6412 | D:8      | Found a stormy altar of Qazlal.
  6924 | D:8      | Reached XP level 10. HP: 91/91 MP: 11/11
  7075 | D:9      | Lost mutation: Potions and wands are less effective at restoring your health. [mutagenic meat]
  7076 | D:9      | Gained mutation: You are resistant to hostile enchantments. (MR+) [mutagenic meat]
  7083 | D:9      | Noticed Joseph
  7094 | D:9      | Killed Joseph
  7518 | D:8      | HP: 1/92 [orc warrior/short sword (20)]
  7648 | D:9      | Noticed Pikel
  7666 | D:9      | Killed Pikel
  7666 | D:9      | Received a gift from Okawaru
  7666 | D:9      | Reached skill level 11 in Unarmed Combat
  7813 | D:9      | Received a gift from Okawaru
  7888 | D:8      | Reached skill level 5 in Shields
  7919 | D:8      | Received a gift from Okawaru
  8418 | D:10     | Entered Level 10 of the Dungeon
  8801 | D:10     | Noticed a hill giant
  8811 | D:10     | Killed a hill giant
  8811 | D:10     | Reached skill level 12 in Unarmed Combat
  8874 | D:10     | Reached XP level 11. HP: 68/100 MP: 12/12
  8895 | D:10     | Killed an unseen horror
  8910 | D:10     | Noticed a hill giant
  8918 | D:10     | Killed a hill giant
  9195 | D:10     | Found a staircase to the Lair.
 10212 | D:5      | Identified a scroll of acquirement
 10217 | D:5      | Got a warped bone ring
 10218 | D:5      | Identified the ring "Qadasion" {Wiz *Contam rF+ rN+} (You acquired it on level 5 of the Dungeon)
 10681 | D:10     | Found a staircase to the Orcish Mines.
 11083 | D:10     | Gained mutation: Your muscles are strong. (Str +2) [mutagenic meat]
 11095 | Lair:1   | Entered Level 1 of the Lair of Beasts
 11149 | Lair:1   | Found a labyrinth entrance.
 11168 | Lab      | Entered a labyrinth
 11670 | Lab      | Reached skill level 13 in Unarmed Combat
 12306 | Lab      | Noticed a minotaur
 12317 | Lab      | Killed a minotaur
 12325 | Lab      | Got a steaming ruby amulet
 12328 | Lab      | Identified the amulet of Cowardice {Inacc rC+ MR- Dex+2} (You found it in a labyrinth)
 12774 | Lair:1   | Noticed a seven-headed hydra
 12951 | Lair:2   | Noticed a six-headed hydra
 12963 | Lair:2   | Killed a six-headed hydra
 12963 | Lair:2   | Received a gift from Okawaru
 12963 | Lair:2   | Reached XP level 12. HP: 88/107 MP: 11/13
 13055 | Lair:2   | Found a hole to the Spider Nest.
 13159 | Lair:2   | Noticed Capuchin's ghost (journeyman MiFi)
 13289 | Lair:2   | Killed Capuchin's ghost
 13314 | Lair:2   | You fall through a shaft!
 13391 | Lair:3   | Received a gift from Okawaru
 13536 | Lair:3   | Noticed Prince Ribbit
 13868 | Lair:2   | Noticed a catoblepas
 13880 | Lair:2   | Killed a catoblepas
 13880 | Lair:2   | Reached skill level 14 in Unarmed Combat
 13988 | Lair:2   | Noticed a four-headed hydra
 13994 | Lair:2   | Noticed Fannar
 13996 | Lair:2   | Killed a four-headed hydra
 14006 | Lair:2   | Killed Fannar
 14006 | Lair:2   | Received a gift from Okawaru
 14269 | Lair:1   | Killed an eight-headed hydra
 14516 | Lair:1   | Received a gift from Okawaru
 15288 | Lair:3   | Got a transparent helmet
 15527 | Lair:3   | Reached skill level 1 in Armour
 15527 | Lair:3   | Reached skill level 1 in Evocations
 15537 | Lair:3   | Killed Prince Ribbit
 15537 | Lair:3   | Received a gift from Okawaru
 15637 | Lair:3   | Found a staircase to the Swamp.
 15700 | Lair:3   | Noticed a death yak
 15700 | Lair:3   | Noticed a death yak
 15702 | Lair:3   | Noticed a death yak
 15703 | Lair:3   | Noticed a death yak
 15732 | Lair:3   | Killed a death yak
 15739 | Lair:3   | Killed a death yak
 15749 | Lair:3   | Killed a death yak
 15754 | Lair:3   | Killed a death yak
 15754 | Lair:3   | Reached skill level 5 in Dodging
 15754 | Lair:3   | Reached XP level 13. HP: 93/117 MP: 11/14
 16737 | Lair:4   | Received a gift from Okawaru
 16854 | Lair:4   | Reached skill level 15 in Unarmed Combat
 16859 | Lair:4   | Reached skill level 5 in Fighting
 16940 | Lair:5   | Reached ****** piety under Okawaru
 17142 | Lair:5   | Noticed Snorg
 17151 | Lair:5   | Killed Snorg
 17511 | Lair:6   | Entered Level 6 of the Lair of Beasts
 17589 | Lair:6   | Noticed an entropy weaver
 17673 | Lair:6   | Killed an entropy weaver
 17721 | Lair:6   | Noticed an entropy weaver
 18091 | Lair:6   | Received a gift from Okawaru
 18156 | Lair:6   | Killed an entropy weaver
 18413 | Lair:6   | Found a staircase to the Slime Pits.
 18704 | Lair:6   | Received a gift from Okawaru
 18704 | Lair:6   | Reached XP level 14. HP: 73/128 MP: 12/15
 18806 | Lair:6   | Reached skill level 16 in Unarmed Combat
 18851 | Lair:6   | Received a gift from Okawaru
 19079 | Lair:6   | Got a slimy granite ring
 19086 | Lair:6   | Identified the ring of Descent {rF++ Str+6 Dex-5 Slay+5} (You found it on level 6 of the Lair of Beasts)
 19544 | D:10     | Gained mutation: You occasionally shout uncontrollably at your foes. [potion of mutation]
 19544 | D:10     | Gained mutation: Your magical capacity is low. (-10% MP) [potion of mutation]
 19544 | D:10     | Gained mutation: Your flesh is heat resistant. (rF+) [potion of mutation]
 19545 | D:10     | Lost mutation: Your magical capacity is low. (-10% MP) [potion of mutation]
 19545 | D:10     | Gained mutation: You are agile. (Dex +2) [potion of mutation]
 19545 | D:10     | Gained mutation: Your mind is acute. (Int +2) [potion of mutation]
 19568 | D:10     | Lost mutation: Your muscles are strong. (Str +2) [mutagenic glow]
 19835 | Orc:1    | Entered Level 1 of the Orcish Mines
 20635 | Orc:2    | Entered Level 2 of the Orcish Mines
 20638 | Orc:2    | Received a gift from Okawaru
 20674 | Orc:2    | Found a roughly hewn altar of Beogh.
 20914 | Orc:2    | Found a roughly hewn altar of Beogh.
 20930 | Orc:2    | Found Boeshrow's Gadget Shoppe.
 20982 | Orc:2    | Found a roughly hewn altar of Beogh.
 20987 | Orc:2    | Reached skill level 17 in Unarmed Combat
 21021 | Orc:2    | Found a roughly hewn altar of Beogh.
 21045 | Orc:2    | Found Umax's Distillery.
 21055 | Orc:2    | Bought a potion of haste for 140 gold pieces
 21167 | Orc:2    | Found a roughly hewn altar of Beogh.
 21258 | Orc:2    | Found a roughly hewn altar of Beogh.
 21424 | Orc:2    | Received a gift from Okawaru
 21507 | Orc:2    | Noticed Saint Roka
 21537 | Orc:2    | Killed Saint Roka
 21562 | Orc:2    | Found Issiwnud's Antique Armour Boutique.
 21562 | Orc:2    | Found a roughly hewn altar of Beogh.
 21567 | Orc:2    | Found Zatuw's Antique Weapon Shop.
 21572 | Orc:2    | Bought a brightly glowing hunting sling for 149 gold pieces
 21572 | Orc:2    | Identified the +3 hunting sling "Awnaq" {freeze, Str+3 Int+6 SInv} (You bought it in a shop on level 2 of the Orcish Mines)
 21599 | Orc:2    | Found a staircase to the Elven Halls.
 21675 | Orc:2    | Found a roughly hewn altar of Beogh.
 21930 | D:11     | Noticed Nergalle
 21934 | D:11     | Killed Nergalle
 21934 | D:11     | Reached skill level 10 in Shields
 21942 | D:11     | Identified a +8 rod of clouds (14/14) (You took it off a minotaur in a labyrinth)
 22083 | D:11     | Noticed Josephine
 22090 | D:11     | Killed Josephine
 22090 | D:11     | Received a gift from Okawaru
 22231 | D:11     | Reached XP level 15. HP: 140/140 MP: 16/16
 22767 | D:12     | Received a gift from Okawaru
 23337 | D:12     | Found a snail-covered altar of Cheibriados.
 23384 | D:13     | Noticed Azrael
 23415 | D:13     | Killed Azrael
 23421 | D:13     | Reached skill level 18 in Unarmed Combat
 23455 | D:13     | Noticed Frances
 23478 | D:13     | Killed Frances
 24747 | D:14     | Found a gate to the Vaults.
 24840 | D:14     | Reached skill level 19 in Unarmed Combat
 25061 | D:14     | Received a gift from Okawaru
 25318 | D:14     | Noticed Rupert
 25333 | D:14     | Killed Rupert
 25333 | D:14     | Received a gift from Okawaru
 25559 | D:15     | Entered Level 15 of the Dungeon
 26084 | D:15     | Got a transparent robe
 26095 | D:15     | Identified the +0 robe "Buqio" {MR- Str+6 SInv} (You found it on level 15 of the Dungeon)
 26260 | D:15     | Reached XP level 16. HP: 106/149 MP: 17/17
 26272 | D:15     | Found a staircase to the Depths.
 26592 | D:15     | Found a sacrificial altar of Ru.
 27100 | Lair:3   | Reached skill level 20 in Unarmed Combat
 27115 | Swamp:1  | Entered Level 1 of the Swamp
 27540 | Swamp:1  | Noticed Aizul
 27558 | Swamp:1  | Killed Aizul
 28259 | Swamp:2  | Killed from afar by a spriggan druid

Vault maps used:
D:1:      saegor_arrival_miasma, roderic_lattice_a, grunt_decor_mini_mirrors
D:2:      chequers_temple_overflow_minitemple, hex_medium, minmay_nonomino_d4
D:3:      kennysheep_okawaru_gauntlet, uniq_grinder
D:4:      minmay_door_path, serial_shops,
          nicolae_shop_temple_entry_statues_fountains
D:5:      cheibrodos_two_vegetables, serial_shops, nicolae_shop_trees,
          first_bread, basic_altar
D:6:      kennysheep_housing_project, kennysheep_little_box,
          gammafunk_temple_overflow_forgotten, kennysheep_mini_moat,
          nicolae_overflow_crystal_walls
D:7:      serial_shops, kennysheep_mini, basic_altar
D:8:      grunt_qazlal_clouds
D:9:      david_nohive_1, uniq_pikel, uniq_joseph
D:10:     erik_lair_island, erik_orc_1
D:11:     uniq_josephine, uniq_nergalle
D:12:     cheibriados_altar_1
D:13:     minivault_10, kennysheep_minor_cross, kennysheep_generic_room_12,
          uniq_frances, uniq_azrael
D:14:     grunt_vaults_entry_tiered, kennysheep_nub, uniq_rupert
D:15:     gammafunk_enter_depths_forms, basic_altar
Lair:1:   lab_entry_generic, st_stairs_8, roderic_batcave,
          infiniplex_staircase_pool, serial_bayou_shore_a, grunt_megastairs_4
Lair:2:   nicolae_spider_entry_non_spiders, minmay_holes, uniq_fannar
Lair:3:   minmay_swamp_entry_reptiles, minivault_26, grunt_megastairs_5,
          uniq_prince_ribbit2
Lair:5:   grunt_megastairs_2, lemuel_fruit_fields, uniq_snorg
Lair:6:   evilmike_catoblepas_cave, minmay_slime_entry_oklob_open, zaba_anthell
Swamp:1:  nicolae_swamp_orc_logging_accident, wheals_swamp_sinkhole,
          infiniplex_staircase_pool_2, uniq_aizul
Swamp:2:  hangedman_swamp_lotus
Orc:1:    guppyfry_library_mini
Orc:2:    grunt_orc_community_town_hall, grunt_orc_community_big_house_2,
          grunt_orc_community_big_house_1, grunt_orc_community_house_1,
          grunt_orc_community_house_3, grunt_orc_community_house_2,
          grunt_orc_community_house_2, basic_altar, mines2_david
Lab:      nicolae_lab_very_dead_end, nicolae_lab_do_over, nicolae_lab_stuck,
          nicolae_lab_swirl, labyrinth_skeletal_remains, nicolae_lab_starburst,
          nicolae_lab_t_cross, labyrinth_glass_1, nicolae_lab_plus,
          nicolae_lab_hexagon

Skill      XL: |  1  2  3  4  5  6  7  8  9 10 11 12 13 14 15 16 |
---------------+-------------------------------------------------+-----
Unarmed Combat | 4 5 7 8 9 10 12 13 14 15 17 19 20 | 20.3
Throwing       | 3 4 5 6 7 8 |  8.7
Dodging        | 3 4 5 6 |  6.1
Invocations    | 2 3 |  3.5
Fighting       | 3 4 5 7 |  7.2
Shields        | 2 5 8 9 10 | 10.6
Armour         | 1 3 |  3.0
Evocations     | 1 3 |  3.5
Stealth        | |  1.0

Action                   |  1- 3 |  4- 6 |  7- 9 | 10-12 | 13-15 | 16-18 || total
-------------------------+-------+-------+-------+-------+-------+-------++-------
Melee: Unarmed           |    87 |   113 |   299 |   634 |  1281 |    91 ||  2505
       Punch             |     2 |     2 |    13 |     2 |       |       ||    19
       Staff             |       |       |     4 |       |       |       ||     4
Throw: Stone             |     3 |    12 |       |    23 |       |       ||    38
       Tomahawk          |       |       |       |    46 |    50 |    14 ||   110
       Large rock        |       |       |       |    11 |   171 |    22 ||   204
       Javelin           |       |       |       |    13 |    12 |       ||    25
       Throwing net      |       |       |       |     4 |       |     1 ||     5
Invok: Heroism           |       |     3 |     7 |    27 |    17 |     3 ||    57
       Finesse           |       |       |       |     2 |     1 |       ||     3
 Abil: Evoke Berserk Rag |       |       |       |       |     1 |       ||     1
Evoke: Wand              |       |       |       |     8 |       |       ||     8
       Rod               |       |       |       |       |     1 |       ||     1
       Phial of floods   |       |       |       |       |     2 |       ||     2
  Use: Scroll            |       |       |     8 |     9 |     7 |       ||    24
       Potion            |       |       |       |     3 |     6 |     2 ||    11
 Stab: Sleeping          |     1 |     3 |       |     3 |     3 |       ||    10
       Confused          |       |       |       |     2 |       |       ||     2
       Distracted        |       |       |       |     1 |       |       ||     1
  Eat: Chunk             |    15 |    18 |    31 |    72 |    99 |     9 ||   244
       Beef jerky        |       |       |       |     5 |       |     1 ||     6
       Royal jelly       |       |       |       |     4 |       |       ||     4
       Meat ration       |       |       |       |     1 |       |       ||     1
       Fruit             |       |       |       |     1 |       |       ||     1
       Bread ration      |       |       |       |       |       |     1 ||     1
Armor: Robe              |    35 |    82 |    87 |    73 |   161 |    14 ||   452
       Steam dragon scal |       |       |       |    14 |       |       ||    14
       Shadow dragon sca |       |       |       |       |    12 |       ||    12
       Skin              |       |       |       |       |     6 |     1 ||     7
Dodge: Dodged            |    56 |    94 |   160 |   207 |   353 |    26 ||   896
Block: Shield            |       |       |       |   224 |   619 |    35 ||   878
